 Dungeon Crawl Stone Soup version 0.19.4 (webtiles) character file.

7362 Naow the Infuser (level 10, -12/53 HPs)
             Began as a Deep Elf Conjurer on Jan 30, 2017.
             Was a Believer of Vehumet.
             Killed by an exploding fulminant prism (30 damage)
             ... created by the player character
             ... on level 10 of the Dungeon.
             The game lasted 00:20:41 (12630 turns).

Naow the Infuser (Deep Elf Conjurer)               Turns: 12630, Time: 00:20:41

Health: -12/53     AC:  4    Str:  5    XL:     10   Next: 91%
Magic:  32/36      EV: 18    Int: 24    God:    Vehumet [**....]
Gold:   617        SH:  0    Dex: 15    Spells: 5 memorised, 15 levels left

rFire  . . .     SeeInvis .     H - +1 short sword (protect)
rCold  . . .     Gourm    .     a - +0 robe
rNeg   . . .     Faith    .     (no shield)
rPois  .         Spirit   .     (no helmet)
rElec  .         Reflect  .     Q - +0 cloak
rCorr  .         Harm     .     M - +0 pair of gloves
MR     +....                    (no boots)
Stlth  ++........               (no amulet)
                                O - ring of wizardry
                                r - ring of magical power

@: no status effects
A: no striking features
a: Renounce Religion


You were on level 10 of the Dungeon.
You worshipped Vehumet.
Vehumet was pleased with you.
You were not hungry.

You visited 2 branches of the dungeon, and saw 11 of its levels.
You also visited: Sewer.

You collected 721 gold pieces.
You spent 104 gold pieces at shops.

Inventory:

Hand Weapons
 H - a +1 short sword of protection (weapon)
Armour
 a - a +0 robe (worn)
 M - a +0 pair of gloves (worn)
 Q - a +0 cloak (worn)
Jewellery
 r - a ring of magical power (left hand)
 y - an uncursed ring of protection from fire
 C - an uncursed ring of protection from cold
 J - an uncursed ring of positive energy {unknown}
 O - a ring of wizardry (right hand)
Wands
 D - a wand of random effects (37/48)
 F - a wand of flame (21/48)
 N - a wand of lightning (7/15)
 P - a wand of acid (9/15)
 S - a wand of iceblast (10/15)
Scrolls
 d - 2 scrolls of recharging
 e - 5 scrolls of identify
 p - 2 scrolls of fear {unknown}
 s - 3 scrolls of enchant weapon {unknown}
 u - 4 scrolls of teleportation
 w - a scroll of immolation
 B - a scroll of magic mapping {unknown}
 E - a scroll of brand weapon {unknown}
 I - 2 scrolls of silence {unknown}
 K - a scroll of remove curse
 L - 2 scrolls of amnesia {unknown}
 T - a scroll of enchant armour {unknown}
Potions
 g - a potion of might {unknown}
 h - 6 potions of curing
 i - 2 potions of lignification {unknown}
 j - a potion of haste {unknown}
 k - a potion of degeneration {unknown}
 l - 2 potions of beneficial mutation {unknown}
 n - 4 potions of brilliance
 o - 2 potions of heal wounds {unknown}
 q - a potion of mutation {unknown}
 t - 8 potions of flight
 G - a potion of ambrosia {unknown}
 R - a potion of magic
Books
 b - a book of Conjurations

   Spells                             Type                      Level
   a - Magic Dart                     Conjuration                  1
   b - Searing Ray                    Conjuration                  2
   c - Dazzling Spray                 Conjuration/Hexes            3
   d - Fulminant Prism                Conjuration/Hexes            4
   e - Iskenderun's Mystic Blast      Conjuration                  4
   f - Iskenderun's Battlesphere      Conjuration/Charms           5
 m - a book of Geomancy

   Spells                             Type                      Level
   a - Sandblast                      Earth                        1
   b - Passwall                       Transmutation/Earth          2
   c - Stone Arrow                    Conjuration/Earth            3
   d - Petrify                        Transmutation/Earth          4
   e - Lee's Rapid Deconstruction     Earth                        5
Comestibles
 c - 11 bread rations
 f - 5 meat rations
 v - a beef jerky
 x - a royal jelly
 z - 2 slices of pizza
 A - 5 fruits
 U - 3 chunks of flesh


   Skills:
 + Level 2.0 Fighting
 + Level 9.2 Dodging
 - Level 2.4 Stealth
 + Level 11.1 Spellcasting
 - Level 10.1 Conjurations
 - Level 4.9 Hexes
 - Level 11.4 Charms


You had 15 spell levels left.
You knew the following spells:

 Your Spells              Type           Power        Failure   Level  Hunger
a - Magic Dart            Conj           ####         1%          1    None
b - Searing Ray           Conj           ######       1%          2    None
c - Iskenderun's Battles  Conj/Chrm      ######..     1%          5    ####...
d - Iskenderun's Mystic   Conj           ######..     1%          4    None
e - Fulminant Prism       Conj/Hex       #####.....   1%          4    None


Dungeon Overview and Level Annotations

Branches:
Dungeon (10/15)            Temple (1/1) D:7             Orc (0/2) D:10
   Lair: D:8-11

Altars:
Ashenzari
Cheibriados
Dithmenos
Elyvilon
Fedhas
Gozag
Hepliaklqana
Kikubaaqudgha
Makhleb
Nemelex Xobeh
Okawaru
Qazlal
Ru
Sif Muna
Trog
Uskayaw
Vehumet
Xom
Yredelemnul
Zin
The Shining One

Shops:
D:4 %   D:8 !   D:10 (


Message History

You now have 617 gold pieces (gained 17).
There is an entrance to Piemo's Antique Weapon Emporium here.
Found a stone staircase leading down.
Deactivating autopickup; reactivate with Ctrl-A.
You miss something. Something barely misses you. Something hits you!
Something hits you! x2
Casting: Iskenderun's Mystic Blast
Confirm with . or Enter, or press ? or * to list all spells.
Aiming: Fulminant Prism
Press: ? - help, Dir - move target cursor You conjure a prism of explosive energy!
Something closely misses you. Something hits your fulminant prism.
Something hits you.
Your fulminant prism crackles loudly.
Something hits you!
Your fulminant prism explodes!
The blast of energy engulfs something.
The blast of energy engulfs you!
Ouch! That really hurt!
You die...

............###.#
#.)###.... ......#######
#.# ##..)..... #######
##.# #........ ....#
#..# #........ ###.#
#.## #.....>.. ###(####
####.######## #........
.......####...........#
#........
.........##...........#
#........
.......#.##.....@.....#
#.#######
.......#.##...........#
#.#
.......#.#............#
#.#
...<..)#.#8...........#
#.
......................#
........8.∩.8...........
.......###.........>..##
.......# #8...........#
######## #............#


There were no monsters in sight!

Vanquished Creatures
  Urug (D:10)
  Pikel (D:6)
  Maurice (D:8)
  The ghost of Naow the Infuser, a novice DECj of Vehumet (D:7)
  A two-headed ogre (D:8)
  Prince Ribbit (D:7)
  A hippogriff (D:9)
  A spriggan (D:8)
  Eustachio (D:5)
  The ghost of BogdanSil the Chiller, an amateur MfIE (D:4)
  Edmund (D:5)
  4 slaves (D:6)
  Duvessa (D:6)
  An orc warrior (D:10)
  4 sky beasts
  A black bear (D:9)
  2 necrophages
  3 ogres
  7 centaurs
  3 big kobolds
  7 bullfrogs
  Dowan (D:6)
  A wyvern skeleton (D:8)
  3 scorpions
  4 howler monkeys
  5 electric eels (D:8)
  4 crimson imps
  3 jellies
  6 orc priests
  2 centaur skeletons
  A gnoll shaman (D:7)
  8 hounds
  A bullfrog skeleton (D:7)
  2 iguanas
  Terence (D:3)
  8 orc wizards
  A siren (Sewer)
  2 worker ants
  A merfolk avatar (Sewer)
  A killer bee zombie (D:7)
  A hound zombie (D:7)
  A hound skeleton (D:5)
  13 adders
  11 gnolls
  A shadow imp (D:7)
  An ooze (D:3)
  2 adder skeletons
  2 adder zombies
  3 worms
  2 dart slugs
  11 leopard geckos
  27 orcs
  11 giant cockroaches
  5 goblins
  4 hobgoblins
  5 jackals (D:3)
  4 quokkas
  4 ball pythons (Sewer)
  6 bats
  11 frilled lizards
  19 kobolds
  A leopard gecko skeleton (D:5)
  2 quokka skeletons
  33 rats
279 creatures vanquished.

Vanquished Creatures (others)
  3 fulminant prisms
3 creatures vanquished.

Grand Total: 282 creatures vanquished

Notes
Turn   | Place    | Note
-------+----------+-------------------------------------------
     0 | D:1      | Naow the Deep Elf Conjurer began the quest for the Orb.
     0 | D:1      | Reached XP level 1. HP: 10/10 MP: 6/6
   203 | D:1      | Found an iron altar of Okawaru.
   428 | D:1      | Reached XP level 2. HP: 15/15 MP: 4/8
   799 | D:2      | Found an iron altar of Okawaru.
   888 | D:2      | Reached skill level 5 in Conjurations
  1092 | D:2      | Reached XP level 3. HP: 19/19 MP: 7/10
  1315 | D:2      | Found an ancient bone altar of Kikubaaqudgha.
  1747 | D:3      | Found a radiant altar of Vehumet.
  1801 | D:3      | Reached XP level 4. HP: 24/24 MP: 6/12
  1972 | D:3      | Learned a level 2 spell: Searing Ray
  2072 | D:3      | Found a glowing drain.
  2076 | Sewer    | Entered a sewer
  2267 | Sewer    | Reached skill level 5 in Spellcasting
  2481 | Sewer    | Reached XP level 5. HP: 28/28 MP: 12/14
  2488 | Sewer    | Learned a level 5 spell: Iskenderun's Battlesphere
  2644 | Sewer    | Reached skill level 1 in Charms
  3147 | D:3      | Noticed Terence
  3155 | D:3      | Killed Terence
  3276 | D:3      | Reached XP level 6. HP: 13/32 MP: 5/16
  3373 | D:3      | Learned a level 4 spell: Iskenderun's Mystic Blast
  3378 | D:3      | Learned a level 4 spell: Fulminant Prism
  4339 | D:4      | Noticed BogdanSil's ghost (amateur MfIE)
  4408 | D:4      | Killed BogdanSil's ghost
  4519 | D:4      | Reached XP level 7. HP: 36/36 MP: 18/18
  4561 | D:4      | Found Ykol's Food Boutique.
  5082 | D:5      | Entered Level 5 of the Dungeon
  5091 | D:5      | Reached skill level 5 in Charms
  5205 | D:5      | Noticed Eustachio
  5212 | D:5      | Killed Eustachio
  5324 | D:5      | Reached XP level 8. HP: 41/41 MP: 15/20
  5401 | D:5      | Noticed Edmund
  5412 | D:5      | Killed Edmund
  5883 | D:5      | Reached skill level 5 in Dodging
  6132 | D:5      | Found a glowing golden altar of the Shining One.
  6222 | D:6      | Noticed Pikel
  6230 | D:6      | Killed Pikel
  6230 | D:6      | Reached XP level 9. HP: 32/45 MP: 1/23
  6549 | D:6      | Noticed Duvessa
  6553 | D:6      | Noticed Dowan
  6555 | D:6      | Killed Duvessa
  6557 | D:6      | Killed Dowan
  7647 | D:7      | Reached skill level 10 in Charms
  7698 | D:7      | Noticed Naow's ghost (novice DECj)
  7744 | D:7      | Killed Naow's ghost
  7899 | D:7      | Found an iron altar of Okawaru.
  8007 | D:7      | Noticed Prince Ribbit
  8009 | D:7      | Killed Prince Ribbit
  8697 | D:7      | Reached XP level 10. HP: 50/50 MP: 25/25
  8827 | D:7      | Found a staircase to the Ecumenical Temple.
  8878 | Temple   | Entered the Ecumenical Temple
  8954 | Temple   | Became a worshipper of Vehumet
  9300 | D:8      | Found a shadowy altar of Dithmenos.
  9300 | D:8      | Found a stormy altar of Qazlal.
  9300 | D:8      | Found a bloodstained altar of Trog.
  9301 | D:8      | Found a deep blue altar of Sif Muna.
  9405 | D:8      | Reached skill level 1 in Hexes
  9982 | D:8      | Reached * piety under Vehumet
  9982 | D:8      | Offered knowledge of Sting by Vehumet.
 10013 | D:8      | Noticed Maurice
 10021 | D:8      | Killed Maurice
 10021 | D:8      | Reached skill level 10 in Spellcasting
 10406 | D:8      | Found Imatogie's Distillery.
 10419 | D:8      | Bought a potion of magic for 104 gold pieces
 11046 | D:9      | Reached skill level 10 in Conjurations
 11126 | D:9      | Got a transparent cloak
 11132 | D:9      | Identified the +3 cloak of Naos {Int-5 Dex+6} (You found it on level 9 of the Dungeon)
 11634 | D:10     | Entered Level 10 of the Dungeon
 11634 | D:10     | Noticed Urug
 11979 | D:10     | Found a staircase to the Orcish Mines.
 12069 | D:10     | Reached skill level 1 in Fighting
 12193 | D:10     | Offered knowledge of Shock by Vehumet.
 12233 | D:10     | Killed Urug
 12478 | D:10     | Reached ** piety under Vehumet
 12610 | D:10     | Found Piemo's Antique Weapon Emporium.
 12630 | D:10     | Killed by an exploding fulminant prism

Skill      XL: |  1  2  3  4  5  6  7  8  9 10 |
---------------+-------------------------------+-----
Conjurations   | 5 6 7 8 9 10 | 10.1
Spellcasting   | 4 5 6 7 8 9 11 | 11.1
Charms         | 2 4 6 9 11 | 11.4
Dodging        | 3 4 5 7 9 |  9.2
Hexes          | 4 |  4.9
Fighting       | 2 |  2.0
Stealth        | |  2.4

Action                   |  1- 3 |  4- 6 |  7- 9 | 10-12 || total
-------------------------+-------+-------+-------+-------++-------
Melee: Short sword       |       |       |       |     1 ||     1
 Cast: Magic Dart        |    82 |   130 |   151 |   133 ||   496
       Searing Ray       |       |    15 |    28 |     9 ||    52
       Iskenderun's Myst |       |       |    21 |    19 ||    40
       Iskenderun's Batt |       |       |    14 |    20 ||    34
       Fulminant Prism   |       |       |       |     2 ||     2
  Use: Scroll            |       |     5 |     2 |       ||     7
  Eat: Chunk             |     2 |     9 |    17 |    15 ||    43
Armor: Robe              |     1 |     8 |     2 |       ||    11
Dodge: Dodged            |     7 |    15 |    42 |    24 ||    88
